Avalanche vs Coyotes
Created - 15 février 2015 at 19:03
Goals
|
| Avalanche |
0 |
1 |
1 |
2 |
| Coyotes |
2 |
1 |
1 |
4 |
|
Shots
|
| Avalanche |
10 |
10 |
5 |
25 |
| Coyotes |
15 |
5 |
7 |
27 |
|
1st period
1. Coyotes , Marian Gaborik 32 (Adrian Aucoin, Drew Miller) at 10:33
2. Coyotes , Sergei Gonchar 4 (Erik Cole, Saku Koivu) at 17:00
Penalties :
No Penalty
2nd period
3. Avalanche , Jason Pominville 15 (Mike Comrie) at 11:28
4. Coyotes , Erik Cole 13 (Denis Grebeshkov) at 19:41 (SH)
Penalties :
Max Pacioretty (Col) for Roughing (Minor) at 4:45, Dustin Byfuglien (Col) for High sticking (Minor) at 13:56, Frans Nielsen (Ari) for Tripping (Minor) at 19:06
3rd period
5. Avalanche , Corey Perry 33 (Jason Allison, Ryan Smyth) at 1:51 (PP)
6. Coyotes , Anton Stralman 7 (Adrian Aucoin, Erik Christensen) at 13:45 (PP)
Penalties :
Marian Gaborik (Ari) for Slashing (Minor) at 1:39, Max Pacioretty (Col) for Roughing (Double Minor) at 3:58, Denis Grebeshkov (Ari) for Roughing (Minor) at 10:10, Chuck Kobasew (Col) for Holding (Minor) at 13:11, Corey Perry (Col) for Holding (Minor) at 17:52
Goalie Stats
Jimmy Howard (Col), 23 saves from 27 shots - (0,852), L, 25-12-4, 60:00 minutes
Ryan Miller (Ari), 23 saves from 25 shots - (0,920), W, 29-11-6, 60:00 minutes
Players Stats for Avalanche
Player Name G A P +/- PIM S H SB GA TA FO MP PP MP PK MP
------------------------------------------------------------------------------------
Andrew Ladd 0 0 0 -1 0 0 1 0 0 0 0/1 14:17 0:00 4:58
Brian Campbell 0 0 0 -1 0 2 0 0 1 0 0/0 17:32 2:57 1:10
Bryan Little 0 0 0 -1 0 1 3 0 0 0 3/6 10:22 1:39 0:18
Chuck Kobasew 0 0 0 0 2 1 1 0 0 0 1/1 12:04 0:00 3:24
Corey Perry 1 0 1 0 2 4 5 0 1 2 0/0 16:18 2:31 0:00
Dave Tanabe 0 0 0 -2 0 1 2 1 0 1 0/0 19:07 1:13 4:40
Drew Doughty 0 0 0 -3 0 0 0 2 2 1 0/0 17:25 2:57 0:26
Dustin Byfuglien 0 0 0 -1 2 1 1 0 0 0 2/4 13:29 0:00 3:50
Jack Johnson 0 0 0 1 0 4 0 1 0 0 0/0 25:19 1:13 5:24
Jason Allison 0 1 1 0 0 1 3 1 1 1 13/29 18:59 2:31 2:46
Jason Pominville 1 0 1 -1 0 2 1 1 1 0 1/1 15:17 1:39 0:00
Marc Staal 0 0 0 1 0 1 1 1 0 0 0/0 23:39 0:00 5:17
Max Pacioretty 0 0 0 -1 6 0 2 0 1 0 0/0 11:16 1:39 0:16
Maxim Talbot 0 0 0 -1 0 1 0 0 0 0 1/2 8:15 0:00 0:00
Michael Rupp 0 0 0 0 0 1 3 0 0 0 1/1 16:39 0:00 3:04
Mike Comrie 0 1 1 0 0 4 1 1 0 0 4/15 16:10 0:00 2:16
Ryan Smyth 0 1 1 0 0 1 2 0 0 0 1/2 16:19 2:31 0:08
Shane O'Brien 0 0 0 0 0 0 1 0 0 3 0/0 16:58 0:00 4:03
Players Stats for Coyotes
Player Name G A P +/- PIM S H SB GA TA FO MP PP MP PK MP
------------------------------------------------------------------------------------
Adrian Aucoin 0 2 2 1 0 4 2 2 1 3 0/0 20:44 4:23 1:08
Andy Sutton 0 0 0 1 0 0 2 0 0 0 0/0 16:33 1:21 2:12
Anton Stralman 1 0 1 2 0 2 4 0 0 1 0/0 22:02 4:04 1:58
Chad Larose 0 0 0 0 0 1 0 0 1 0 0/0 14:47 0:49 2:30
Chris Stewart 0 0 0 1 0 2 0 0 0 0 0/1 16:12 4:11 0:00
Denis Grebeshkov 0 1 1 0 2 0 1 2 1 0 0/0 22:45 4:46 0:50
Drew Miller 0 1 1 0 0 1 0 0 1 0 3/6 18:07 1:01 2:44
Erik Christensen 0 1 1 1 0 0 1 0 0 1 0/3 11:29 4:11 0:42
Erik Cole 1 1 2 2 0 4 2 0 0 0 0/1 13:10 0:00 1:18
Frans Nielsen 0 0 0 0 2 3 0 3 0 0 8/10 14:32 0:49 0:44
Kurt Sauer 0 0 0 -1 0 2 1 1 0 1 0/0 20:31 0:34 2:12
Marian Gaborik 1 0 1 0 2 2 0 0 2 1 1/2 19:21 5:30 0:00
Saku Koivu 0 1 1 1 0 2 0 0 0 0 5/8 16:12 4:11 0:00
Sami Kapanen 0 0 0 0 0 0 2 0 0 0 0/0 7:59 0:00 0:00
Sergei Gonchar 1 0 1 1 0 1 2 1 1 0 0/0 17:27 5:52 0:00
Shawn Thornton 0 0 0 0 0 0 4 0 0 0 0/0 8:21 0:00 0:22
Tim Connolly 0 0 0 0 0 2 2 0 0 0 16/28 19:22 5:30 0:00
Tyler Ennis 0 0 0 0 0 1 2 0 1 0 2/3 16:13 5:18 0:00
3 Stars
1 - Erik Cole (Ari)
2 - Anton Stralman (Ari)
3 - Adrian Aucoin (Ari)
Power Play
Avalanche - 1 on 3 Attempt(s) - 33,33%
Coyotes - 1 on 6 Attempt(s) - 16,67%
Penalty Kill
Avalanche - 5 on 6 Attempt(s) - 83,33%
- Score 0 goal in Penalty Kill
Coyotes - 2 on 3 Attempt(s) - 66,67%
- Score 1 goal in Penalty Kill
Team Stat
Avalanche - Hits : 27 - Faceoff Wins : 27 - Blocked Shots : 8 - Penalty Minutes : 12
Coyotes - Hits : 25 - Faceoff Wins : 35 - Blocked Shots : 9 - Penalty Minutes : 6
Official
Referees : Walsh Ian and Watson Brad
Linesman : Thor Nelson and Mike Cvik
Game Notes
No Game Note
Finance
Level 1 -- Attendance: 4845 (80,75%) -- Ticket Income 436 050 $
Level 2 -- Attendance: 5000 (100,00%) -- Ticket Income 250 000 $
Level 3 -- Attendance: 2000 (100,00%) -- Ticket Income 60 000 $
Level 4 -- Attendance: 3853 (96,33%) -- Ticket Income 77 060 $
Luxury Box -- Attendance: 1000 (100,00%) -- Ticket Income 162 000 $
Game was played at the The Pack Center'
Total Attendance: 16698 (92,77%)
Total Ticket Income: 985 110 $
Other Income: 147 766 $
Total Income: 1 132 876 $
Avalanche
5 vs 5 Forward
Center Left Wing Right Wing Time % Phy DF OF
1 Jason Allison Ryan Smyth Corey Perry 35 1 2 2
2 Mike Comrie Michael Rupp Jason Pominville 35 1 2 2
3 Maxim Talbot Andrew Ladd Dustin Byfuglien 15 1 2 2
4 Bryan Little Max Pacioretty Chuck Kobasew 15 1 2 2
5 vs 5 Defense
Defense Defense Time % Phy DF OF
1 Jack Johnson Marc Staal 40 1 2 2
2 Dave Tanabe Drew Doughty 30 1 2 2
3 Brian Campbell Shane O'Brien 30 1 2 2
4 Jack Johnson Marc Staal 0 1 2 2
PowerPlay Forward
Center Left Wing Right Wing Time % Phy DF OF
1 Jason Allison Ryan Smyth Corey Perry 60 1 2 2
2 Bryan Little Max Pacioretty Jason Pominville 40 1 2 2
PowerPlay Defense
Defense Defense Time % Phy DF OF
1 Drew Doughty Brian Campbell 60 1 2 2
2 Dave Tanabe Jack Johnson 40 1 2 2
Penalty Kill 4 Players Forward
Center Wing Time % Phy DF OF
1 Dustin Byfuglien Andrew Ladd 60 1 2 2
2 Mike Comrie Chuck Kobasew 40 1 2 2
Penalty Kill 4 Players Defense
Defense Defense Time % Phy DF OF
1 Jack Johnson Marc Staal 60 1 2 2
2 Dave Tanabe Shane O'Brien 40 1 2 2
Penalty Kill - 3 Players Forward
Forward Time % Phy DF OF
1 Corey Perry 60 1 2 2
2 Jason Pominville 40 1 2 2
Penalty Kill - 3 Players Defense
Defense Defense Time % Phy DF OF
1 Jack Johnson Marc Staal 60 1 2 2
2 Dave Tanabe Drew Doughty 40 1 2 2
4 vs 4 Forward
Center Wing Time % Phy DF OF
1 Corey Perry Jason Pominville 60 1 2 2
2 Mike Comrie Ryan Smyth 40 1 2 2
4 vs 4 Defense
Defense Defense Time % Phy DF OF
1 Jack Johnson Marc Staal 60 1 2 2
2 Dave Tanabe Drew Doughty 40 1 2 2
Last Minutes Offensive
Center Left Wing Right Wing Defense Defense
Jason Allison Ryan Smyth Corey Perry Drew Doughty Brian Campbell
Last Minutes Defensive
Center Left Wing Right Wing Defense Defense
Mike Comrie Ryan Smyth Dustin Byfuglien Jack Johnson Marc Staal
Goaltenders
Starting : Jimmy Howard
Backup : Marty Turco
Extra Forwards
Normal : Dustin Byfuglien, Andrew Ladd, Chuck Kobasew - PP : Dustin Byfuglien, Andrew Ladd - PK : Chuck Kobasew
Extra Defensemen
Normal : Brian Campbell, Shane O'Brien, Dave Tanabe - PP : Brian Campbell - PK : Shane O'Brien, Dave Tanabe
Penalty Shots
Corey Perry, Jason Pominville, Drew Doughty, Ryan Smyth, Mike Comrie
Coyotes
5 vs 5 Forward
Center Left Wing Right Wing Time % Phy DF OF
1 Tim Connolly Drew Miller Marian Gaborik 36 0 2 3
2 Frans Nielsen Tyler Ennis Chad Larose 28 1 2 2
3 Saku Koivu Erik Cole Chris Stewart 26 1 1 3
4 Erik Christensen Shawn Thornton Sami Kapanen 10 2 2 1
5 vs 5 Defense
Defense Defense Time % Phy DF OF
1 Denis Grebeshkov Kurt Sauer 38 0 3 2
2 Adrian Aucoin Anton Stralman 36 1 3 1
3 Sergei Gonchar Andy Sutton 25 1 3 1
4 Anton Stralman Denis Grebeshkov 1 1 1 3
PowerPlay Forward
Center Left Wing Right Wing Time % Phy DF OF
1 Tim Connolly Tyler Ennis Marian Gaborik 57 0 0 5
2 Saku Koivu Erik Christensen Chris Stewart 43 0 0 5
PowerPlay Defense
Defense Defense Time % Phy DF OF
1 Denis Grebeshkov Sergei Gonchar 57 0 0 5
2 Anton Stralman Adrian Aucoin 43 0 0 5
Penalty Kill 4 Players Forward
Center Wing Time % Phy DF OF
1 Drew Miller Chad Larose 56 0 5 0
2 Frans Nielsen Erik Cole 44 0 5 0
Penalty Kill 4 Players Defense
Defense Defense Time % Phy DF OF
1 Kurt Sauer Andy Sutton 56 0 5 0
2 Anton Stralman Denis Grebeshkov 44 0 5 0
Penalty Kill - 3 Players Forward
Forward Time % Phy DF OF
1 Drew Miller 53 0 5 0
2 Chad Larose 47 0 5 0
Penalty Kill - 3 Players Defense
Defense Defense Time % Phy DF OF
1 Andy Sutton Kurt Sauer 53 0 5 0
2 Anton Stralman Denis Grebeshkov 47 0 5 0
4 vs 4 Forward
Center Wing Time % Phy DF OF
1 Tim Connolly Marian Gaborik 52 0 1 4
2 Frans Nielsen Drew Miller 48 0 2 3
4 vs 4 Defense
Defense Defense Time % Phy DF OF
1 Kurt Sauer Anton Stralman 52 1 2 2
2 Denis Grebeshkov Sergei Gonchar 48 1 2 2
Last Minutes Offensive
Center Left Wing Right Wing Defense Defense
Tim Connolly Tyler Ennis Marian Gaborik Denis Grebeshkov Anton Stralman
Last Minutes Defensive
Center Left Wing Right Wing Defense Defense
Drew Miller Erik Cole Chad Larose Kurt Sauer Anton Stralman
Goaltenders
Starting : Ryan Miller
Backup : Marc Denis
Extra Forwards
Normal : Marian Gaborik, Tyler Ennis, Chris Stewart - PP : Marian Gaborik, Chris Stewart - PK : Drew Miller
Extra Defensemen
Normal : Denis Grebeshkov, Kurt Sauer, Anton Stralman - PP : Denis Grebeshkov - PK : Andy Sutton, Kurt Sauer
Penalty Shots
Marian Gaborik, Tyler Ennis, Chad Larose, Drew Miller, Tim Connolly
% Time on Ice - Avalanche
Lines # - Real PCT - Wanted PCT - Time Play
Normal Forward
1 - 33% - 35% - 14:46
2 - 31% - 35% - 13:54
3 - 18% - 15% - 8:15
4 - 19% - 15% - 8:25
Normal Defense
1 - 40% - 40% - 18:16
2 - 31% - 30% - 14:09
3 - 28% - 30% - 12:55
4 - 0% - 0% - 0:00
PP Forward
1 - 60% - 60% - 2:31
2 - 40% - 40% - 1:39
PP Defense
1 - 71% - 60% - 2:57
2 - 29% - 40% - 1:13
PK Forward
1 - 78% - 60% - 8:14
2 - 22% - 40% - 2:16
PK Defense
1 - 61% - 60% - 6:27
2 - 39% - 40% - 4:03
PK3 Forward
1 - 0% - 60%
2 - 0% - 40%
PK3 Defense
1 - 0% - 60%
2 - 0% - 40%
44 Forward
1 - 0% - 60%
2 - 0% - 40%
44 Defense
1 - 0% - 60%
2 - 0% - 40%
Last Minute Offensive - 0:00
Last Minute Defensive - 0:00
Total
Forward - 60:00
Defense - 60:00
|
% Time on Ice - Coyotes
Lines # - Real PCT - Wanted PCT - Time Play
Normal Forward
1 - 31% - 36% - 13:55
2 - 26% - 28% - 11:34
3 - 26% - 26% - 11:52
4 - 18% - 10% - 7:59
Normal Defense
1 - 38% - 38% - 17:08
2 - 34% - 36% - 15:33
3 - 26% - 25% - 11:47
4 - 2% - 1% - 0:52
PP Forward
1 - 60% - 57% - 6:19
2 - 40% - 43% - 4:11
PP Defense
1 - 56% - 57% - 5:52
2 - 44% - 43% - 4:38
PK Forward
1 - 69% - 56% - 2:52
2 - 31% - 44% - 1:18
PK Defense
1 - 53% - 56% - 2:12
2 - 47% - 44% - 1:58
PK3 Forward
1 - 0% - 53%
2 - 0% - 47%
PK3 Defense
1 - 0% - 53%
2 - 0% - 47%
44 Forward
1 - 0% - 52%
2 - 0% - 48%
44 Defense
1 - 0% - 52%
2 - 0% - 48%
Last Minute Offensive - 0:00
Last Minute Defensive - 0:00
Total
Forward - 60:00
Defense - 60:00
|
Play by Play
1st period
0:01 of 1st period - Jason Allison wins face-off versus Tim Connolly in neutral zone.
1:08 of 1st period - Kurt Sauer is hit by Bryan Little and loses puck.
1:38 of 1st period - Off-side.
1:39 of 1st period - Marian Gaborik wins face-off versus Mike Comrie in neutral zone.
2:38 of 1st period - Snap shot by Maxim Talbot.
2:38 of 1st period - Shot Blocked by Frans Nielsen.
3:00 of 1st period - Marc Staal is hit by Tim Connolly and loses puck.
3:17 of 1st period - Jack Johnson is hit by Shawn Thornton and loses puck.
3:44 of 1st period - Andy Sutton is hit by Andrew Ladd.
4:10 of 1st period - Sergei Gonchar is hit by Max Pacioretty and loses puck.
4:23 of 1st period - Dave Tanabe is hit by Sergei Gonchar and loses puck.
4:29 of 1st period - Off-side.
4:30 of 1st period - Frans Nielsen wins face-off versus Ryan Smyth in neutral zone.
5:49 of 1st period - Off-side.
5:50 of 1st period - Jason Allison wins face-off versus Tim Connolly in neutral zone.
5:53 of 1st period - Snap shot by Corey Perry.
5:53 of 1st period - Deflect By Jason Allison.
5:53 of 1st period - Shot Blocked by Adrian Aucoin.
5:53 of 1st period - Puck is out of play.
5:54 of 1st period - Jason Allison wins face-off versus Tim Connolly in Coyotes zone.
6:11 of 1st period - Wrist shot by Marian Gaborik.
6:11 of 1st period - Shot Blocked by Marc Staal.
6:43 of 1st period - Wrist shot by Dustin Byfuglien.
6:43 of 1st period - Stopped by Ryan Miller with a rebound.
6:45 of 1st period - Snap shot by Dustin Byfuglien.
6:45 of 1st period - Deflect By Erik Cole.
6:45 of 1st period - Shot Misses the Net.
6:45 of 1st period - Puck is out of play.
6:46 of 1st period - Saku Koivu wins face-off versus Maxim Talbot in Coyotes zone.
7:17 of 1st period - Shane O'Brien is hit by Erik Cole.
7:23 of 1st period - Slapshot by Brian Campbell.
7:23 of 1st period - Shot Misses the Net.
7:25 of 1st period - Wrist shot by Maxim Talbot.
7:25 of 1st period - Shot Misses the Net.
7:27 of 1st period - Slapshot by Brian Campbell.
7:27 of 1st period - Stopped by Ryan Miller without a rebound.
7:28 of 1st period - Tim Connolly wins face-off versus Jason Allison in Coyotes zone.
7:33 of 1st period - Anton Stralman is hit by Dave Tanabe.
7:55 of 1st period - Slapshot by Mike Comrie.
7:55 of 1st period - Deflect By Jason Pominville.
7:55 of 1st period - Shot Blocked by Adrian Aucoin.
7:55 of 1st period - Puck is out of play.
7:56 of 1st period - Tyler Ennis wins face-off versus Jason Allison in Coyotes zone.
7:56 of 1st period - Tyler Ennis is hit by Corey Perry.
8:22 of 1st period - Jason Pominville is hit by Tim Connolly and loses puck.
8:27 of 1st period - Wrist shot by Tim Connolly.
8:27 of 1st period - Stopped by Jimmy Howard with a rebound.
8:29 of 1st period - Snap shot by Adrian Aucoin.
8:29 of 1st period - Stopped by Jimmy Howard with a rebound.
8:31 of 1st period - Slapshot by Anton Stralman.
8:31 of 1st period - Shot Blocked by Jack Johnson.
8:45 of 1st period - Slapshot by Bryan Little.
8:45 of 1st period - Stopped by Ryan Miller without a rebound.
8:46 of 1st period - Saku Koivu wins face-off versus Bryan Little in Coyotes zone.
9:39 of 1st period - Wrist shot by Chris Stewart.
9:39 of 1st period - Stopped by Jimmy Howard with a rebound.
9:51 of 1st period - Snap shot by Erik Cole.
9:51 of 1st period - Shot Misses the Net.
10:09 of 1st period - Wrist shot by Saku Koivu.
10:09 of 1st period - Stopped by Jimmy Howard with a rebound.
10:21 of 1st period - Slapshot by Chris Stewart.
10:21 of 1st period - Stopped by Jimmy Howard without a rebound.
10:22 of 1st period - Drew Miller wins face-off versus Mike Comrie in Avalanche zone.
10:25 of 1st period - Wrist shot by Marian Gaborik.
10:25 of 1st period - Deflect By Drew Miller.
10:25 of 1st period - Shot Blocked by Jason Pominville.
10:25 of 1st period - Puck is out of play.
10:26 of 1st period - Tim Connolly wins face-off versus Mike Comrie in Avalanche zone.
10:27 of 1st period - Wrist shot by Drew Miller.
10:27 of 1st period - Shot Blocked by Drew Doughty.
10:29 of 1st period - Backhand shot by Adrian Aucoin.
10:29 of 1st period - Shot Blocked by Drew Doughty.
10:31 of 1st period - Slapshot by Adrian Aucoin.
10:31 of 1st period - Shot Blocked by Mike Comrie.
10:33 of 1st period - Wrist shot by Marian Gaborik.
10:33 of 1st period - Goal by Marian Gaborik - Avalanche : 0 - Coyotes : 1.
10:34 of 1st period - Tim Connolly wins face-off versus Jason Allison in neutral zone.
11:07 of 1st period - Snap shot by Mike Comrie.
11:07 of 1st period - Shot Misses the Net.
11:09 of 1st period - Slapshot by Mike Comrie.
11:09 of 1st period - Stopped by Ryan Miller without a rebound.
11:10 of 1st period - Jason Allison wins face-off versus Frans Nielsen in Coyotes zone.
11:11 of 1st period - Snap shot by Corey Perry.
11:11 of 1st period - Shot Misses the Net.
11:13 of 1st period - Slapshot by Dave Tanabe.
11:13 of 1st period - Shot Misses the Net.
11:15 of 1st period - Slapshot by Drew Doughty.
11:15 of 1st period - Deflect By Ryan Smyth.
11:15 of 1st period - Shot Blocked by Frans Nielsen.
11:15 of 1st period - Puck is out of play.
11:16 of 1st period - Frans Nielsen wins face-off versus Jason Allison in Coyotes zone.
11:16 of 1st period - Frans Nielsen is hit by Jason Allison.
11:44 of 1st period - Snap shot by Tim Connolly.
11:44 of 1st period - Stopped by Jimmy Howard without a rebound.
11:45 of 1st period - Michael Rupp wins face-off versus Tim Connolly in Avalanche zone.
11:58 of 1st period - Jason Pominville is hit by Anton Stralman and loses puck.
12:30 of 1st period - Snap shot by Mike Comrie.
12:30 of 1st period - Stopped by Ryan Miller without a rebound.
12:31 of 1st period - Frans Nielsen wins face-off versus Jason Allison in Coyotes zone.
12:40 of 1st period - Snap shot by Corey Perry.
12:40 of 1st period - Stopped by Ryan Miller without a rebound.
12:41 of 1st period - Frans Nielsen wins face-off versus Jason Allison in Coyotes zone.
12:52 of 1st period - Slapshot by Jason Allison.
12:52 of 1st period - Stopped by Ryan Miller with a rebound.
12:54 of 1st period - Slapshot by Ryan Smyth.
12:54 of 1st period - Shot Misses the Net.
12:56 of 1st period - Slapshot by Drew Doughty.
12:56 of 1st period - Shot Blocked by Denis Grebeshkov.
12:58 of 1st period - Wrist shot by Dave Tanabe.
12:58 of 1st period - Stopped by Ryan Miller with a rebound.
13:00 of 1st period - Slapshot by Ryan Smyth.
13:00 of 1st period - Deflect By Corey Perry.
13:00 of 1st period - Shot Misses the Net.
13:00 of 1st period - Puck is out of play.
13:01 of 1st period - Tim Connolly wins face-off versus Mike Comrie in Coyotes zone.
13:28 of 1st period - Shawn Thornton is hit by Ryan Smyth and loses puck.
13:48 of 1st period - Slapshot by Adrian Aucoin.
13:48 of 1st period - Stopped by Jimmy Howard with a rebound.
13:50 of 1st period - Wrist shot by Frans Nielsen.
13:50 of 1st period - Shot Misses the Net.
13:52 of 1st period - Snap shot by Frans Nielsen.
13:52 of 1st period - Stopped by Jimmy Howard without a rebound.
13:53 of 1st period - Mike Comrie wins face-off versus Tyler Ennis in Avalanche zone.
14:41 of 1st period - Icing by Bryan Little.
14:42 of 1st period - Bryan Little wins face-off versus Erik Christensen in Avalanche zone.
14:42 of 1st period - Bryan Little is hit by Erik Christensen.
15:15 of 1st period - Wrist shot by Marian Gaborik.
15:15 of 1st period - Shot Misses the Net.
15:17 of 1st period - Wrist shot by Drew Miller.
15:17 of 1st period - Stopped by Jimmy Howard without a rebound.
15:18 of 1st period - Tim Connolly wins face-off versus Mike Comrie in Avalanche zone.
15:45 of 1st period - Snap shot by Chuck Kobasew.
15:45 of 1st period - Shot Blocked by Denis Grebeshkov.
15:47 of 1st period - Snap shot by Max Pacioretty.
15:47 of 1st period - Shot Misses the Net.
16:15 of 1st period - Snap shot by Frans Nielsen.
16:15 of 1st period - Stopped by Jimmy Howard with a rebound.
16:24 of 1st period - Off-side.
16:25 of 1st period - Maxim Talbot wins face-off versus Saku Koivu in neutral zone.
16:28 of 1st period - Slapshot by Marc Staal.
16:28 of 1st period - Shot Blocked by Sergei Gonchar.
16:30 of 1st period - Snap shot by Andrew Ladd.
16:30 of 1st period - Shot Misses the Net.
16:58 of 1st period - Snap shot by Erik Cole.
16:58 of 1st period - Stopped by Jimmy Howard with a rebound.
17:00 of 1st period - Slapshot by Sergei Gonchar.
17:00 of 1st period - Goal by Sergei Gonchar - Avalanche : 0 - Coyotes : 2.
17:01 of 1st period - Frans Nielsen wins face-off versus Mike Comrie in neutral zone.
17:10 of 1st period - Snap shot by Frans Nielsen.
17:10 of 1st period - Stopped by Jimmy Howard without a rebound.
17:11 of 1st period - Jason Pominville wins face-off versus Frans Nielsen in Avalanche zone.
18:28 of 1st period - Backhand shot by Chad Larose.
18:28 of 1st period - Stopped by Jimmy Howard with a rebound.
18:43 of 1st period - Wrist shot by Jason Pominville.
18:43 of 1st period - Shot Misses the Net.
19:07 of 1st period - Snap shot by Mike Comrie.
19:07 of 1st period - Stopped by Ryan Miller with a rebound.
19:09 of 1st period - Wrist shot by Jason Pominville.
19:09 of 1st period - Shot Blocked by Frans Nielsen.
19:11 of 1st period - Slapshot by Mike Comrie.
19:11 of 1st period - Shot Misses the Net.
19:21 of 1st period - Slapshot by Jack Johnson.
19:21 of 1st period - Deflect By Anton Stralman.
19:21 of 1st period - Stopped by Ryan Miller without a rebound.
19:22 of 1st period - Tim Connolly wins face-off versus Jason Allison in Coyotes zone.
Goals for this period are 0 for Avalanche vs 2 for Coyotes.
Shots for this period are 10 for Avalanche vs 15 for Coyotes.
2nd period
0:01 of 2nd period - Jason Allison wins face-off versus Tim Connolly in neutral zone.
0:29 of 2nd period - Slapshot by Max Pacioretty.
0:29 of 2nd period - Deflect By Bryan Little.
0:29 of 2nd period - Shot Misses the Net.
0:29 of 2nd period - Puck is out of play.
0:30 of 2nd period - Bryan Little wins face-off versus Saku Koivu in Coyotes zone.
0:59 of 2nd period - Icing by Erik Cole.
1:00 of 2nd period - Jason Allison wins face-off versus Saku Koivu in Coyotes zone.
1:09 of 2nd period - Erik Cole is hit by Ryan Smyth and loses puck.
1:14 of 2nd period - Snap shot by Corey Perry.
1:14 of 2nd period - Stopped by Ryan Miller with a rebound.
1:16 of 2nd period - Snap shot by Brian Campbell.
1:16 of 2nd period - Stopped by Ryan Miller without a rebound.
1:17 of 2nd period - Tim Connolly wins face-off versus Mike Comrie in Coyotes zone.
2:36 of 2nd period - Snap shot by Saku Koivu.
2:36 of 2nd period - Shot Misses the Net.
2:38 of 2nd period - Slapshot by Adrian Aucoin.
2:38 of 2nd period - Stopped by Jimmy Howard with a rebound.
2:54 of 2nd period - Backhand shot by Mike Comrie.
2:54 of 2nd period - Deflect By Drew Miller.
2:54 of 2nd period - Stopped by Ryan Miller without a rebound.
2:55 of 2nd period - Tim Connolly wins face-off versus Mike Comrie in Coyotes zone.
3:19 of 2nd period - Icing by Jack Johnson.
3:20 of 2nd period - Jason Allison wins face-off versus Erik Christensen in Avalanche zone.
3:20 of 2nd period - Jason Allison is hit by Sami Kapanen.
3:42 of 2nd period - Denis Grebeshkov is hit by Jason Allison and loses puck.
4:16 of 2nd period - Snap shot by Corey Perry.
4:16 of 2nd period - Stopped by Ryan Miller with a rebound.
4:22 of 2nd period - Snap shot by Corey Perry.
4:22 of 2nd period - Deflect By Ryan Smyth.
4:22 of 2nd period - Shot Misses the Net.
4:22 of 2nd period - Puck is out of play.
4:23 of 2nd period - Tim Connolly wins face-off versus Mike Comrie in Coyotes zone.
4:36 of 2nd period - Slapshot by Jason Pominville.
4:36 of 2nd period - Deflect By Michael Rupp.
4:36 of 2nd period - Stopped by Ryan Miller without a rebound.
4:37 of 2nd period - Tim Connolly wins face-off versus Bryan Little in Coyotes zone.
4:45 of 2nd period - Minor Penalty to Max Pacioretty for Roughing.
4:46 of 2nd period - Tyler Ennis wins face-off versus Dustin Byfuglien in Avalanche zone.
6:36 of 2nd period - Michael Rupp is hit by Denis Grebeshkov and loses puck.
6:45 of 2nd period - Penalty to Max Pacioretty is over, Max Pacioretty is back on ice.
6:57 of 2nd period - Adrian Aucoin is hit by Michael Rupp.
7:05 of 2nd period - Sami Kapanen is hit by Michael Rupp.
8:11 of 2nd period - Ryan Smyth is hit by Andy Sutton and loses puck.
8:22 of 2nd period - Chad Larose is hit by Chuck Kobasew and loses puck.
8:46 of 2nd period - Marian Gaborik is hit by Jason Pominville and loses puck.
8:53 of 2nd period - Drew Miller is hit by Michael Rupp and loses puck.
9:12 of 2nd period - Andy Sutton is hit by Bryan Little and loses puck.
9:32 of 2nd period - Shawn Thornton is hit by Jason Allison.
9:36 of 2nd period - Marc Staal is hit by Anton Stralman and loses puck.
9:42 of 2nd period - Icing by Jack Johnson.
9:43 of 2nd period - Saku Koivu wins face-off versus Jason Allison in Avalanche zone.
11:10 of 2nd period - Off-side.
11:11 of 2nd period - Frans Nielsen wins face-off versus Jason Allison in neutral zone.
11:15 of 2nd period - Denis Grebeshkov is hit by Marc Staal and loses puck.
11:24 of 2nd period - Slapshot by Jack Johnson.
11:24 of 2nd period - Stopped by Ryan Miller without a rebound.
11:25 of 2nd period - Mike Comrie wins face-off versus Tim Connolly in Coyotes zone.
11:28 of 2nd period - Snap shot by Jason Pominville.
11:28 of 2nd period - Goal by Jason Pominville - Avalanche : 1 - Coyotes : 2.
11:29 of 2nd period - Tim Connolly wins face-off versus Jason Allison in neutral zone.
11:36 of 2nd period - Snap shot by Tim Connolly.
11:36 of 2nd period - Shot Blocked by Jason Allison.
11:38 of 2nd period - Backhand shot by Kurt Sauer.
11:38 of 2nd period - Stopped by Jimmy Howard with a rebound.
11:40 of 2nd period - Slapshot by Denis Grebeshkov.
11:40 of 2nd period - Deflect By Marian Gaborik.
11:40 of 2nd period - Shot Blocked by Dave Tanabe.
11:40 of 2nd period - Puck is out of play.
11:41 of 2nd period - Jason Allison wins face-off versus Tim Connolly in Avalanche zone.
12:33 of 2nd period - Dustin Byfuglien is hit by Tyler Ennis and loses puck.
13:02 of 2nd period - Bryan Little is hit by Shawn Thornton and loses puck.
13:21 of 2nd period - Wrist shot by Corey Perry.
13:21 of 2nd period - Shot Misses the Net.
13:56 of 2nd period - Minor Penalty to Dustin Byfuglien for High sticking.
13:57 of 2nd period - Chuck Kobasew wins face-off versus Tim Connolly in Avalanche zone.
13:57 of 2nd period - Chuck Kobasew is hit by Tyler Ennis.
14:33 of 2nd period - Wrist shot by Saku Koivu.
14:33 of 2nd period - Stopped by Jimmy Howard with a rebound.
15:56 of 2nd period - Penalty to Dustin Byfuglien is over, Dustin Byfuglien is back on ice.
16:13 of 2nd period - Snap shot by Jason Pominville.
16:13 of 2nd period - Stopped by Ryan Miller with a rebound.
16:40 of 2nd period - Chris Stewart is hit by Corey Perry and loses puck.
17:08 of 2nd period - Adrian Aucoin is hit by Mike Comrie and loses puck.
17:25 of 2nd period - Shane O'Brien is hit by Shawn Thornton and loses puck.
18:16 of 2nd period - Mike Comrie is hit by Sami Kapanen and loses puck.
18:38 of 2nd period - Snap shot by Chuck Kobasew.
18:38 of 2nd period - Stopped by Ryan Miller without a rebound.
18:39 of 2nd period - Frans Nielsen wins face-off versus Jason Allison in Coyotes zone.
18:42 of 2nd period - Snap shot by Ryan Smyth.
18:42 of 2nd period - Stopped by Ryan Miller without a rebound.
18:43 of 2nd period - Frans Nielsen wins face-off versus Jason Allison in Coyotes zone.
18:58 of 2nd period - Snap shot by Tyler Ennis.
18:58 of 2nd period - Stopped by Jimmy Howard with a rebound.
19:06 of 2nd period - Minor Penalty to Frans Nielsen for Tripping.
19:07 of 2nd period - Jason Allison wins face-off versus Drew Miller in Coyotes zone.
19:10 of 2nd period - Backhand shot by Ryan Smyth.
19:10 of 2nd period - Shot Misses the Net.
19:41 of 2nd period - Slapshot by Erik Cole.
19:41 of 2nd period - Goal by Erik Cole - Avalanche : 1 - Coyotes : 3.
19:42 of 2nd period - Jason Allison wins face-off versus Drew Miller in neutral zone.
Goals for this period are 1 for Avalanche vs 1 for Coyotes.
Shots for this period are 10 for Avalanche vs 5 for Coyotes.
3rd period
0:01 of 3rd period - Drew Miller wins face-off versus Jason Allison in neutral zone.
0:08 of 3rd period - Slapshot by Kurt Sauer.
0:08 of 3rd period - Deflect By Drew Doughty.
0:08 of 3rd period - Stopped by Jimmy Howard with a rebound.
0:14 of 3rd period - Andy Sutton is hit by Corey Perry and loses puck.
0:25 of 3rd period - Max Pacioretty is hit by Kurt Sauer and loses puck.
0:52 of 3rd period - Denis Grebeshkov is hit by Corey Perry and loses puck.
1:06 of 3rd period - Penalty to Frans Nielsen is over, Frans Nielsen is back on ice.
1:39 of 3rd period - Minor Penalty to Marian Gaborik for Slashing.
1:40 of 3rd period - Drew Miller wins face-off versus Jason Allison in Coyotes zone.
1:51 of 3rd period - Wrist shot by Corey Perry.
1:51 of 3rd period - Goal by Corey Perry - Avalanche : 2 - Coyotes : 3.
1:52 of 3rd period - Jason Allison wins face-off versus Tim Connolly in neutral zone.
1:59 of 3rd period - Snap shot by Corey Perry.
1:59 of 3rd period - Shot Misses the Net.
2:01 of 3rd period - Slapshot by Jack Johnson.
2:01 of 3rd period - Stopped by Ryan Miller without a rebound.
2:02 of 3rd period - Tim Connolly wins face-off versus Jason Allison in Coyotes zone.
2:19 of 3rd period - Snap shot by Ryan Smyth.
2:19 of 3rd period - Shot Misses the Net.
2:21 of 3rd period - Snap shot by Ryan Smyth.
2:21 of 3rd period - Deflect By Corey Perry.
2:21 of 3rd period - Shot Misses the Net.
2:21 of 3rd period - Puck is out of play.
2:22 of 3rd period - Saku Koivu wins face-off versus Mike Comrie in Coyotes zone.
3:18 of 3rd period - Chad Larose is hit by Dustin Byfuglien.
3:30 of 3rd period - Snap shot by Sami Kapanen.
3:30 of 3rd period - Shot Misses the Net.
3:35 of 3rd period - Off-side.
3:36 of 3rd period - Tim Connolly wins face-off versus Bryan Little in neutral zone.
3:58 of 3rd period - Double Minor Penalty to Max Pacioretty for Roughing.
3:59 of 3rd period - Dustin Byfuglien wins face-off versus Tim Connolly in Avalanche zone.
4:16 of 3rd period - Slapshot by Marian Gaborik.
4:16 of 3rd period - Shot Misses the Net.
5:34 of 3rd period - Michael Rupp is hit by Anton Stralman and loses puck.
6:46 of 3rd period - Chuck Kobasew is hit by Adrian Aucoin and loses puck.
7:02 of 3rd period - Chad Larose is hit by Dave Tanabe and loses puck.
7:58 of 3rd period - Penalty to Max Pacioretty is over, Max Pacioretty is back on ice.
8:12 of 3rd period - Frans Nielsen is hit by Shane O'Brien and loses puck.
8:29 of 3rd period - Andrew Ladd is hit by Anton Stralman and loses puck.
8:51 of 3rd period - Snap shot by Andrew Ladd.
8:51 of 3rd period - Shot Blocked by Kurt Sauer.
8:53 of 3rd period - Wrist shot by Andrew Ladd.
8:53 of 3rd period - Deflect By Dustin Byfuglien.
8:53 of 3rd period - Shot Misses the Net.
8:53 of 3rd period - Puck is out of play.
8:54 of 3rd period - Saku Koivu wins face-off versus Jason Allison in Coyotes zone.
9:02 of 3rd period - Off-side.
9:03 of 3rd period - Ryan Smyth wins face-off versus Chris Stewart in neutral zone.
9:16 of 3rd period - Slapshot by Drew Doughty.
9:16 of 3rd period - Shot Misses the Net.
9:18 of 3rd period - Snap shot by Marc Staal.
9:18 of 3rd period - Stopped by Ryan Miller without a rebound.
9:19 of 3rd period - Tim Connolly wins face-off versus Mike Comrie in Coyotes zone.
9:26 of 3rd period - Slapshot by Marian Gaborik.
9:26 of 3rd period - Stopped by Jimmy Howard with a rebound.
9:46 of 3rd period - Jason Allison is hit by Adrian Aucoin.
9:55 of 3rd period - Denis Grebeshkov is hit by Corey Perry and loses puck.
10:03 of 3rd period - Icing by Chris Stewart.
10:04 of 3rd period - Bryan Little wins face-off versus Erik Christensen in Coyotes zone.
10:10 of 3rd period - Minor Penalty to Denis Grebeshkov for Roughing.
10:11 of 3rd period - Jason Allison wins face-off versus Drew Miller in Coyotes zone.
11:39 of 3rd period - Adrian Aucoin is hit by Max Pacioretty.
11:55 of 3rd period - Ryan Smyth is hit by Erik Cole and loses puck.
12:10 of 3rd period - Penalty to Denis Grebeshkov is over, Denis Grebeshkov is back on ice.
12:48 of 3rd period - Wrist shot by Michael Rupp.
12:48 of 3rd period - Shot Misses the Net.
12:50 of 3rd period - Slapshot by Jack Johnson.
12:50 of 3rd period - Stopped by Ryan Miller with a rebound.
12:52 of 3rd period - Wrist shot by Chuck Kobasew.
12:52 of 3rd period - Shot Misses the Net.
12:54 of 3rd period - Slapshot by Chuck Kobasew.
12:54 of 3rd period - Shot Misses the Net.
13:11 of 3rd period - Minor Penalty to Chuck Kobasew for Holding.
13:12 of 3rd period - Dustin Byfuglien wins face-off versus Tim Connolly in Avalanche zone.
13:43 of 3rd period - Slapshot by Adrian Aucoin.
13:43 of 3rd period - Stopped by Jimmy Howard with a rebound.
13:45 of 3rd period - Slapshot by Anton Stralman.
13:45 of 3rd period - Deflect By Mike Comrie.
13:45 of 3rd period - Goal by Anton Stralman - Avalanche : 2 - Coyotes : 4.
13:46 of 3rd period - Mike Comrie wins face-off versus Tim Connolly in neutral zone.
14:30 of 3rd period - Saku Koivu is hit by Bryan Little and loses puck.
14:41 of 3rd period - Snap shot by Erik Cole.
14:41 of 3rd period - Stopped by Jimmy Howard without a rebound.
14:42 of 3rd period - Mike Comrie wins face-off versus Marian Gaborik in Avalanche zone.
15:17 of 3rd period - Snap shot by Erik Cole.
15:17 of 3rd period - Stopped by Jimmy Howard with a rebound.
15:20 of 3rd period - Icing by Marc Staal.
15:21 of 3rd period - Tim Connolly wins face-off versus Andrew Ladd in Avalanche zone.
15:28 of 3rd period - Maxim Talbot is hit by Andy Sutton and loses puck.
15:47 of 3rd period - Wrist shot by Andrew Ladd.
15:47 of 3rd period - Shot Misses the Net.
15:57 of 3rd period - Wrist shot by Maxim Talbot.
15:57 of 3rd period - Stopped by Ryan Miller without a rebound.
15:58 of 3rd period - Jason Allison wins face-off versus Erik Cole in Coyotes zone.
15:59 of 3rd period - Snap shot by Drew Doughty.
15:59 of 3rd period - Shot Misses the Net.
16:33 of 3rd period - Snap shot by Chad Larose.
16:33 of 3rd period - Shot Misses the Net.
16:35 of 3rd period - Wrist shot by Anton Stralman.
16:35 of 3rd period - Stopped by Jimmy Howard with a rebound.
17:03 of 3rd period - Mike Comrie is hit by Shawn Thornton and loses puck.
17:52 of 3rd period - Minor Penalty to Corey Perry for Holding.
17:53 of 3rd period - Tim Connolly wins face-off versus Dustin Byfuglien in Avalanche zone.
18:30 of 3rd period - Snap shot by Chris Stewart.
18:30 of 3rd period - Shot Misses the Net.
18:48 of 3rd period - Chuck Kobasew is hit by Sergei Gonchar and loses puck.
19:52 of 3rd period - Penalty to Corey Perry is over, Corey Perry is back on ice.
Goals for this period are 1 for Avalanche vs 1 for Coyotes.
Shots for this period are 5 for Avalanche vs 7 for Coyotes.
Output by the SimonT Hockey Simulator (STHS) for François Prévost -- Original Page W3C XHTML 1.0 Valid